Kings vs Canadiens
Created - 4 novembre 2014 at 19:08
Goals
|
| Kings |
3 |
1 |
0 |
4 |
| Canadiens |
0 |
1 |
2 |
3 |
|
Shots
|
| Kings |
13 |
11 |
10 |
34 |
| Canadiens |
10 |
14 |
8 |
32 |
|
1st period
1. Kings , Brenden Morrow 5 (Anze Kopitar, Pernell Karl Subban) at 10:31
2. Kings , Mike Cammalleri 6 (Rene Bourque) at 17:19
3. Kings , Anze Kopitar 5 (Joe Pavelski) at 17:26
Penalties :
Brenden Morrow (LAK) for Roughing (Minor) at 11:04, Marek Svatos (Mon) for Fighting (Major) at 17:22, Brenden Morrow (LAK) for Fighting (Major) at 17:22
2nd period
4. Canadiens , Mike York 5 (Saku Koivu, Mike Ribeiro) at 5:20
5. Kings , Brenden Morrow 6 (Joe Pavelski, Anze Kopitar) at 11:46
Penalties :
Viktor Kozlov (LAK) for Hooking (Minor) at 0:47, Riley Cote (Mon) for Roughing (Minor) at 14:03
3rd period
6. Canadiens , Mike York 6 (Saku Koivu, Dennis Wideman) at 0:36
7. Canadiens , Michel Ouellet 6 (Pierre-Marc Bouchard) at 12:56
Penalties :
Mike Ribeiro (Mon) for Holding (Minor) at 3:17, Randy Robitaille (LAK) for Holding (Minor) at 8:10, Mike Ribeiro (Mon) for Holding Stick (Minor) at 15:28, Mikkel Boedker (LAK) for Interference (Minor) at 19:53
Goalie Stats
Ondrej Pavelec (LAK), 29 saves from 32 shots - (0,906), W, 5-8-3, 60:00 minutes
Jaroslav Halak (Mon), 16 saves from 16 shots - (1,000), 28:05 minutes
Miika Kiprusoff (Mon), 14 saves from 18 shots - (0,778), L, 5-4-1, 31:46 minutes
Players Stats for Kings
Player Name G A P +/- PIM S H SB GA TA FO MP PP MP PK MP
------------------------------------------------------------------------------------
Anze Kopitar 1 2 3 3 0 3 1 0 0 0 11/21 19:33 3:05 1:03
Brenden Morrow 2 0 2 2 7 3 1 0 0 0 2/3 19:40 3:16 1:07
Brent Burns 0 0 0 1 0 2 5 2 0 2 0/0 22:35 3:16 2:26
Brian Pothier 0 0 0 -1 0 1 0 0 1 1 0/0 18:26 0:00 3:29
Cory Sarich 0 0 0 1 0 1 0 1 0 0 0/0 21:02 0:00 3:29
Hnat Domenichelli 0 0 0 0 0 1 2 0 0 0 0/0 9:22 0:15 0:48
Joe Pavelski 0 2 2 3 0 3 2 1 0 0 1/2 16:39 2:50 0:00
John Moore 0 0 0 1 0 0 0 1 0 0 0/0 14:27 0:00 0:08
Jonas Hoglund 0 0 0 -1 0 1 2 0 2 1 0/0 14:15 0:00 3:00
Marc-Édouard Vlasic 0 0 0 -1 0 3 1 0 1 0 0/0 17:09 2:41 0:08
Matt Duchene 0 0 0 0 0 2 2 1 1 0 13/23 18:08 2:52 0:26
Mike Cammalleri 1 0 1 0 0 8 2 0 2 0 1/2 19:39 2:52 1:50
Mikkel Boedker 0 0 0 -1 2 1 4 0 1 0 0/0 14:04 3:05 0:00
Pernell Karl Subban 0 1 1 1 0 0 1 1 0 1 0/0 21:32 2:41 2:26
Randy Robitaille 0 0 0 -1 2 0 0 0 0 0 3/5 10:17 0:00 2:05
Rene Bourque 0 1 1 0 0 3 0 0 1 0 2/2 17:43 2:52 0:00
Vaclav Varada 0 0 0 -1 0 0 0 0 0 0 0/0 7:35 0:00 1:17
Viktor Kozlov 0 0 0 -1 2 2 2 0 0 0 2/3 11:55 0:00 0:39
Players Stats for Canadiens
Player Name G A P +/- PIM S H SB GA TA FO MP PP MP PK MP
------------------------------------------------------------------------------------
Brett Clark 0 0 0 0 0 2 0 0 0 1 0/0 25:27 3:01 2:39
Cody Franson 0 0 0 0 0 0 0 1 0 0 0/0 2:37 0:00 0:00
Dennis Wideman 0 1 1 -2 0 1 2 1 0 1 0/0 29:37 2:46 3:18
Jamie Lundmark 0 0 0 0 0 3 2 0 0 1 2/4 10:03 0:00 1:18
Josh Gorges 0 0 0 0 0 2 2 1 0 2 0/0 18:29 3:01 2:39
Marek Svatos 0 0 0 1 5 4 2 0 2 0 0/1 18:11 2:27 0:00
Matt Carle 0 0 0 0 0 0 1 0 0 0 0/0 14:34 0:16 0:00
Michel Ouellet 1 0 1 1 0 2 0 0 0 1 0/0 10:08 0:20 0:00
Mike Ribeiro 0 1 1 -1 4 1 5 1 0 1 14/34 21:16 3:22 1:08
Mike York 2 0 2 -1 0 4 3 1 1 0 1/1 17:56 2:34 2:36
Nicklas Lidstrom 0 0 0 -1 0 2 1 2 0 1 0/0 28:21 3:02 3:18
Patrick Marleau 0 0 0 -1 0 3 0 1 0 1 3/7 21:56 3:06 3:15
Pierre-Luc Létourneau 0 0 0 0 0 1 2 0 0 0 0/0 9:10 0:00 0:45
Pierre-Marc Bouchard 0 1 1 0 0 0 3 0 0 0 1/4 13:59 1:12 0:00
Radim Vrbata 0 0 0 -1 0 0 2 0 1 0 0/0 15:27 2:34 0:00
Riley Cote 0 0 0 1 2 0 0 0 0 0 0/0 9:45 0:00 0:00
Ryan Callahan 0 0 0 0 0 6 0 0 1 0 1/1 11:22 0:00 2:38
Saku Koivu 0 2 2 -1 0 1 0 0 0 0 4/9 15:41 2:34 0:14
3 Stars
1 - Anze Kopitar (LAK)
2 - Mike York (Mon)
3 - Joe Pavelski (LAK)
Power Play
Kings - 0 on 3 Attempt(s) - 0,00%
Canadiens - 0 on 4 Attempt(s) - 0,00%
Penalty Kill
Kings - 4 on 4 Attempt(s) - 100,00%
- Score 0 goal in Penalty Kill
Canadiens - 3 on 3 Attempt(s) - 100,00%
- Score 0 goal in Penalty Kill
Official
Referees : Charron Francis and Hebert Ghislain
Linesman : Dan Schachte and Steve Barton
Game Notes
Cody Franson is injured at 8:56 of 1st period (Left Hip)
Brenden Morrow beats up Marek Svatos at 17:22 of 1st period
Jaroslav Halak enters game at 11:46 of 2nd period
Finance
Level 1 -- Attendance: 6000 (100,00%) -- Ticket Income 510 000 $
Level 2 -- Attendance: 4609 (92,18%) -- Ticket Income 230 450 $
Level 3 -- Attendance: 1332 (66,60%) -- Ticket Income 46 620 $
Level 4 -- Attendance: 3037 (75,93%) -- Ticket Income 69 851 $
Luxury Box -- Attendance: 789 (78,90%) -- Ticket Income 138 075 $
Game was played at the Centre Bell
Total Attendance: 15767 (87,59%)
Total Ticket Income: 994 996 $
Other Income: 149 249 $
Total Income: 1 144 245 $
Kings
5 vs 5 Forward
Center Left Wing Right Wing Time % Phy DF OF
1 Anze Kopitar Brenden Morrow Joe Pavelski 35 0 1 4
2 Matt Duchene Mike Cammalleri Rene Bourque 35 0 2 3
3 Viktor Kozlov Mikkel Boedker Jonas Hoglund 25 1 2 2
4 Randy Robitaille Hnat Domenichelli Vaclav Varada 5 2 3 0
5 vs 5 Defense
Defense Defense Time % Phy DF OF
1 John Moore Brent Burns 35 0 3 2
2 Pernell Karl Subban Cory Sarich 35 0 3 2
3 Marc-Édouard Vlasic Brian Pothier 30 0 3 2
4 Marc-Édouard Vlasic Cory Sarich 0 0 3 2
PowerPlay Forward
Center Left Wing Right Wing Time % Phy DF OF
1 Anze Kopitar Mikkel Boedker Joe Pavelski 60 0 1 4
2 Matt Duchene Mike Cammalleri Rene Bourque 40 0 1 4
PowerPlay Defense
Defense Defense Time % Phy DF OF
1 Brenden Morrow Brent Burns 60 0 2 3
2 Marc-Édouard Vlasic Pernell Karl Subban 40 0 2 3
Penalty Kill 4 Players Forward
Center Wing Time % Phy DF OF
1 Randy Robitaille Jonas Hoglund 60 0 4 1
2 Viktor Kozlov Vaclav Varada 40 0 3 2
Penalty Kill 4 Players Defense
Defense Defense Time % Phy DF OF
1 Brian Pothier Cory Sarich 60 1 4 0
2 Brent Burns Pernell Karl Subban 40 1 4 0
Penalty Kill - 3 Players Forward
Forward Time % Phy DF OF
1 Randy Robitaille 60 0 4 1
2 Anze Kopitar 40 0 4 1
Penalty Kill - 3 Players Defense
Defense Defense Time % Phy DF OF
1 Brian Pothier Cory Sarich 60 1 4 0
2 Brent Burns Pernell Karl Subban 40 1 4 0
4 vs 4 Forward
Center Wing Time % Phy DF OF
1 Anze Kopitar Brenden Morrow 60 1 2 2
2 Matt Duchene Joe Pavelski 40 1 2 2
4 vs 4 Defense
Defense Defense Time % Phy DF OF
1 Brian Pothier John Moore 60 1 2 2
2 Brent Burns Pernell Karl Subban 40 1 2 2
Last Minutes Offensive
Center Left Wing Right Wing Defense Defense
Anze Kopitar Brenden Morrow Joe Pavelski Marc-Édouard Vlasic Brent Burns
Last Minutes Defensive
Center Left Wing Right Wing Defense Defense
Anze Kopitar Mike Cammalleri Jonas Hoglund Brian Pothier Brent Burns
Goaltenders
Starting : Ondrej Pavelec
Backup : Nikolai Khabibulin
Extra Forwards
Normal : Anze Kopitar, Brenden Morrow, Joe Pavelski - PP : Brenden Morrow, Hnat Domenichelli - PK : Mike Cammalleri
Extra Defensemen
Normal : Brent Burns, John Moore, Pernell Karl Subban - PP : John Moore - PK : John Moore, Marc-Édouard Vlasic
Penalty Shots
Anze Kopitar, Joe Pavelski, Mikkel Boedker, Mike Cammalleri, Rene Bourque
Canadiens
5 vs 5 Forward
Center Left Wing Right Wing Time % Phy DF OF
1 Mike Ribeiro Patrick Marleau Marek Svatos 40 1 2 2
2 Saku Koivu Mike York Radim Vrbata 30 1 2 2
3 Pierre-Marc Bouchard Riley Cote Michel Ouellet 20 1 2 2
4 Jamie Lundmark Pierre-Luc Létourneau Ryan Callahan 10 1 2 2
5 vs 5 Defense
Defense Defense Time % Phy DF OF
1 Dennis Wideman Nicklas Lidstrom 40 1 2 2
2 Brett Clark Josh Gorges 30 1 2 2
3 Matt Carle Cody Franson 20 1 2 2
4 Dennis Wideman Nicklas Lidstrom 10 1 2 2
PowerPlay Forward
Center Left Wing Right Wing Time % Phy DF OF
1 Mike Ribeiro Patrick Marleau Marek Svatos 60 1 2 2
2 Saku Koivu Mike York Radim Vrbata 40 1 2 2
PowerPlay Defense
Defense Defense Time % Phy DF OF
1 Dennis Wideman Nicklas Lidstrom 60 1 2 2
2 Brett Clark Josh Gorges 40 1 2 2
Penalty Kill 4 Players Forward
Center Wing Time % Phy DF OF
1 Patrick Marleau Mike Ribeiro 60 1 2 2
2 Saku Koivu Mike York 40 1 2 2
Penalty Kill 4 Players Defense
Defense Defense Time % Phy DF OF
1 Dennis Wideman Nicklas Lidstrom 60 1 2 2
2 Brett Clark Josh Gorges 40 1 2 2
Penalty Kill - 3 Players Forward
Forward Time % Phy DF OF
1 Patrick Marleau 60 1 2 2
2 Mike Ribeiro 40 1 2 2
Penalty Kill - 3 Players Defense
Defense Defense Time % Phy DF OF
1 Dennis Wideman Nicklas Lidstrom 60 1 2 2
2 Brett Clark Josh Gorges 40 1 2 2
4 vs 4 Forward
Center Wing Time % Phy DF OF
1 Patrick Marleau Mike Ribeiro 60 1 2 2
2 Saku Koivu Mike York 40 1 2 2
4 vs 4 Defense
Defense Defense Time % Phy DF OF
1 Dennis Wideman Nicklas Lidstrom 60 1 2 2
2 Brett Clark Josh Gorges 40 1 2 2
Last Minutes Offensive
Center Left Wing Right Wing Defense Defense
Mike Ribeiro Patrick Marleau Marek Svatos Dennis Wideman Nicklas Lidstrom
Last Minutes Defensive
Center Left Wing Right Wing Defense Defense
Mike Ribeiro Patrick Marleau Marek Svatos Dennis Wideman Nicklas Lidstrom
Goaltenders
Starting : Miika Kiprusoff
Backup : Jaroslav Halak
Extra Forwards
Normal : Pierre-Marc Bouchard, Michel Ouellet, Ryan Callahan - PP : Pierre-Marc Bouchard, Michel Ouellet - PK : Ryan Callahan
Extra Defensemen
Normal : Matt Carle, Cody Franson, Brett Clark - PP : Matt Carle - PK : Cody Franson, Brett Clark
Penalty Shots
Patrick Marleau, Mike Ribeiro, Saku Koivu, Mike York, Pierre-Marc Bouchard
% Time on Ice - Kings
Lines # - Real PCT - Wanted PCT - Time Play
Normal Forward
1 - 33% - 35% - 15:18
2 - 34% - 35% - 15:44
3 - 20% - 25% - 9:31
4 - 13% - 5% - 6:18
Normal Defense
1 - 35% - 35% - 16:14
2 - 35% - 35% - 16:18
3 - 29% - 30% - 13:33
4 - 2% - 0% - 0:46
PP Forward
1 - 52% - 60% - 3:05
2 - 48% - 40% - 2:52
PP Defense
1 - 55% - 60% - 3:16
2 - 45% - 40% - 2:41
PK Forward
1 - 79% - 60% - 4:46
2 - 21% - 40% - 1:17
PK Defense
1 - 60% - 60% - 3:37
2 - 40% - 40% - 2:26
PK3 Forward
1 - 0% - 60%
2 - 0% - 40%
PK3 Defense
1 - 0% - 60%
2 - 0% - 40%
44 Forward
1 - 0% - 60%
2 - 0% - 40%
44 Defense
1 - 0% - 60%
2 - 0% - 40%
Last Minute Offensive - 0:00
Last Minute Defensive - 1:09
Total
Forward - 60:00
Defense - 60:00
|
% Time on Ice - Canadiens
Lines # - Real PCT - Wanted PCT - Time Play
Normal Forward
1 - 34% - 40% - 15:53
2 - 27% - 30% - 12:53
3 - 21% - 20% - 9:40
4 - 18% - 10% - 8:25
Normal Defense
1 - 39% - 40% - 18:05
2 - 26% - 30% - 12:02
3 - 32% - 20% - 14:59
4 - 4% - 10% - 1:45
PP Forward
1 - 58% - 60% - 3:29
2 - 42% - 40% - 2:34
PP Defense
1 - 50% - 60% - 3:02
2 - 50% - 40% - 3:01
PK Forward
1 - 96% - 60% - 5:43
2 - 4% - 40% - 0:14
PK Defense
1 - 55% - 60% - 3:18
2 - 45% - 40% - 2:39
PK3 Forward
1 - 0% - 60%
2 - 0% - 40%
PK3 Defense
1 - 0% - 60%
2 - 0% - 40%
44 Forward
1 - 0% - 60%
2 - 0% - 40%
44 Defense
1 - 0% - 60%
2 - 0% - 40%
Last Minute Offensive - 1:09
Last Minute Defensive - 0:00
Total
Forward - 60:00
Defense - 60:00
|
Play by Play
1st period
0:01 of 1st period - Mike Ribeiro wins face-off versus Anze Kopitar in neutral zone.
0:44 of 1st period - Snap shot by Anze Kopitar.
0:44 of 1st period - Stopped by Miika Kiprusoff without a rebound.
0:45 of 1st period - Saku Koivu wins face-off versus Matt Duchene in Canadiens zone.
1:25 of 1st period - Snap shot by Patrick Marleau.
1:25 of 1st period - Shot Misses the Net.
2:26 of 1st period - Wrist shot by Brett Clark.
2:26 of 1st period - Stopped by Ondrej Pavelec with a rebound.
2:28 of 1st period - Snap shot by Mike Ribeiro.
2:28 of 1st period - Shot Blocked by Pernell Karl Subban.
3:04 of 1st period - Slapshot by Jamie Lundmark.
3:04 of 1st period - Shot Misses the Net.
3:06 of 1st period - Snap shot by Ryan Callahan.
3:06 of 1st period - Stopped by Ondrej Pavelec with a rebound.
4:04 of 1st period - Snap shot by Saku Koivu.
4:04 of 1st period - Stopped by Ondrej Pavelec with a rebound.
4:06 of 1st period - Slapshot by Nicklas Lidstrom.
4:06 of 1st period - Shot Blocked by Brent Burns.
4:28 of 1st period - Wrist shot by Ryan Callahan.
4:28 of 1st period - Stopped by Ondrej Pavelec with a rebound.
4:30 of 1st period - Wrist shot by Ryan Callahan.
4:30 of 1st period - Shot Misses the Net.
4:46 of 1st period - Riley Cote is hit by Viktor Kozlov and loses puck.
5:10 of 1st period - Patrick Marleau is hit by Mike Cammalleri and loses puck.
5:17 of 1st period - Snap shot by Mike Cammalleri.
5:17 of 1st period - Stopped by Miika Kiprusoff with a rebound.
6:19 of 1st period - Slapshot by Saku Koivu.
6:19 of 1st period - Shot Misses the Net.
6:35 of 1st period - Josh Gorges is hit by Hnat Domenichelli.
6:48 of 1st period - Hnat Domenichelli is hit by Mike Ribeiro.
7:04 of 1st period - Snap shot by Anze Kopitar.
7:04 of 1st period - Shot Blocked by Josh Gorges.
7:06 of 1st period - Slapshot by Brian Pothier.
7:06 of 1st period - Stopped by Miika Kiprusoff with a rebound.
7:08 of 1st period - Slapshot by Marc-Édouard Vlasic.
7:08 of 1st period - Shot Misses the Net.
7:41 of 1st period - Wrist shot by Mike Cammalleri.
7:41 of 1st period - Stopped by Miika Kiprusoff with a rebound.
7:52 of 1st period - Mike Cammalleri is hit by Radim Vrbata and loses puck.
8:13 of 1st period - Nicklas Lidstrom is hit by Brent Burns.
8:56 of 1st period - Wrist shot by Viktor Kozlov.
8:56 of 1st period - Shot Blocked by Cody Franson.
8:56 of 1st period - Cody Franson from Canadiens is injured at 8:56 of 1st period (Left Hip).
8:57 of 1st period - Mike Ribeiro wins face-off versus Matt Duchene in Canadiens zone.
9:42 of 1st period - Off-side.
9:43 of 1st period - Pierre-Marc Bouchard wins face-off versus Viktor Kozlov in neutral zone.
10:17 of 1st period - Snap shot by Mike Cammalleri.
10:17 of 1st period - Stopped by Miika Kiprusoff without a rebound.
10:18 of 1st period - Mike York wins face-off versus Anze Kopitar in Canadiens zone.
10:31 of 1st period - Snap shot by Anze Kopitar.
10:31 of 1st period - Deflect By Brenden Morrow.
10:31 of 1st period - Goal by Brenden Morrow - Kings : 1 - Canadiens : 0.
10:32 of 1st period - Matt Duchene wins face-off versus Mike Ribeiro in neutral zone.
10:37 of 1st period - Slapshot by Marc-Édouard Vlasic.
10:37 of 1st period - Shot Misses the Net.
10:39 of 1st period - Snap shot by Brian Pothier.
10:39 of 1st period - Shot Blocked by Nicklas Lidstrom.
10:41 of 1st period - Slapshot by Brian Pothier.
10:41 of 1st period - Shot Blocked by Patrick Marleau.
11:04 of 1st period - Minor Penalty to Brenden Morrow for Roughing.
11:05 of 1st period - Randy Robitaille wins face-off versus Mike Ribeiro in Kings zone.
11:31 of 1st period - Brian Pothier is hit by Mike York and loses puck.
13:04 of 1st period - Penalty to Brenden Morrow is over, Brenden Morrow is back on ice.
13:13 of 1st period - Snap shot by Ryan Callahan.
13:13 of 1st period - Stopped by Ondrej Pavelec without a rebound.
13:14 of 1st period - Jamie Lundmark wins face-off versus Anze Kopitar in Kings zone.
13:23 of 1st period - Snap shot by Jamie Lundmark.
13:23 of 1st period - Shot Misses the Net.
13:25 of 1st period - Slapshot by Dennis Wideman.
13:25 of 1st period - Shot Blocked by Joe Pavelski.
13:27 of 1st period - Slapshot by Nicklas Lidstrom.
13:27 of 1st period - Deflect By Jamie Lundmark.
13:27 of 1st period - Shot Misses the Net.
13:27 of 1st period - Puck is out of play.
13:28 of 1st period - Matt Duchene wins face-off versus Saku Koivu in Kings zone.
13:28 of 1st period - Matt Duchene is hit by Radim Vrbata.
13:40 of 1st period - Snap shot by Rene Bourque.
13:40 of 1st period - Shot Misses the Net.
13:42 of 1st period - Wrist shot by Mike Cammalleri.
13:42 of 1st period - Stopped by Miika Kiprusoff with a rebound.
13:44 of 1st period - Slapshot by Cory Sarich.
13:44 of 1st period - Shot Blocked by Mike York.
13:54 of 1st period - Mike York is hit by Jonas Hoglund and loses puck.
15:02 of 1st period - Snap shot by Mike York.
15:02 of 1st period - Stopped by Ondrej Pavelec without a rebound.
15:03 of 1st period - Matt Duchene wins face-off versus Mike Ribeiro in Kings zone.
15:28 of 1st period - Brenden Morrow is hit by Pierre-Marc Bouchard and loses puck.
15:49 of 1st period - Snap shot by Nicklas Lidstrom.
15:49 of 1st period - Stopped by Ondrej Pavelec with a rebound.
15:51 of 1st period - Slapshot by Jamie Lundmark.
15:51 of 1st period - Stopped by Ondrej Pavelec without a rebound.
15:52 of 1st period - Matt Duchene wins face-off versus Jamie Lundmark in Kings zone.
15:59 of 1st period - Snap shot by Ryan Callahan.
15:59 of 1st period - Deflect By Jamie Lundmark.
15:59 of 1st period - Stopped by Ondrej Pavelec without a rebound.
16:00 of 1st period - Matt Duchene wins face-off versus Mike Ribeiro in Kings zone.
16:00 of 1st period - Matt Duchene is hit by Matt Carle.
16:12 of 1st period - Slapshot by Patrick Marleau.
16:12 of 1st period - Shot Misses the Net.
16:14 of 1st period - Wrist shot by Marek Svatos.
16:14 of 1st period - Stopped by Ondrej Pavelec without a rebound.
16:15 of 1st period - Mike Ribeiro wins face-off versus Anze Kopitar in Kings zone.
16:40 of 1st period - Pierre-Marc Bouchard is hit by Matt Duchene and loses puck.
16:44 of 1st period - Icing by Dennis Wideman.
16:45 of 1st period - Matt Duchene wins face-off versus Pierre-Marc Bouchard in Canadiens zone.
16:46 of 1st period - Snap shot by Rene Bourque.
16:46 of 1st period - Shot Misses the Net.
16:48 of 1st period - Snap shot by Mike Cammalleri.
16:48 of 1st period - Stopped by Miika Kiprusoff without a rebound.
16:49 of 1st period - Matt Duchene wins face-off versus Mike Ribeiro in Canadiens zone.
17:07 of 1st period - Icing by Mike Cammalleri.
17:08 of 1st period - Saku Koivu wins face-off versus Matt Duchene in Kings zone.
17:19 of 1st period - Snap shot by Rene Bourque.
17:19 of 1st period - Deflect By Mike Cammalleri.
17:19 of 1st period - Goal by Mike Cammalleri - Kings : 2 - Canadiens : 0.
17:20 of 1st period - Joe Pavelski wins face-off versus Mike Ribeiro in neutral zone.
17:22 of 1st period - Brenden Morrow beats up Marek Svatos.
17:22 of 1st period - Penalty to Marek Svatos for Fighting.
17:22 of 1st period - Penalty to Brenden Morrow for Fighting.
17:23 of 1st period - Anze Kopitar wins face-off versus Mike Ribeiro in Canadiens zone.
17:26 of 1st period - Wrist shot by Anze Kopitar.
17:26 of 1st period - Goal by Anze Kopitar - Kings : 3 - Canadiens : 0.
17:27 of 1st period - Anze Kopitar wins face-off versus Patrick Marleau in neutral zone.
17:30 of 1st period - Slapshot by Brent Burns.
17:30 of 1st period - Shot Blocked by Mike Ribeiro.
17:32 of 1st period - Wrist shot by Joe Pavelski.
17:32 of 1st period - Stopped by Miika Kiprusoff with a rebound.
17:52 of 1st period - Rene Bourque is hit by Mike York.
17:56 of 1st period - Slapshot by Brent Burns.
17:56 of 1st period - Stopped by Miika Kiprusoff with a rebound.
17:58 of 1st period - Slapshot by Cory Sarich.
17:58 of 1st period - Stopped by Miika Kiprusoff with a rebound.
18:00 of 1st period - Snap shot by Mike Cammalleri.
18:00 of 1st period - Shot Misses the Net.
18:48 of 1st period - Icing by Josh Gorges.
18:49 of 1st period - Rene Bourque wins face-off versus Pierre-Marc Bouchard in Canadiens zone.
19:14 of 1st period - Josh Gorges is hit by Anze Kopitar and loses puck.
19:41 of 1st period - Viktor Kozlov is hit by Mike York and loses puck.
Goals for this period are 3 for Kings vs 0 for Canadiens.
Shots for this period are 13 for Kings vs 10 for Canadiens.
2nd period
0:01 of 2nd period - Anze Kopitar wins face-off versus Mike Ribeiro in neutral zone.
0:47 of 2nd period - Minor Penalty to Viktor Kozlov for Hooking.
0:48 of 2nd period - Mike Ribeiro wins face-off versus Randy Robitaille in Kings zone.
1:04 of 2nd period - Off-side.
1:05 of 2nd period - Randy Robitaille wins face-off versus Mike Ribeiro in neutral zone.
2:22 of 2nd period - Penalty to Brenden Morrow is over, Brenden Morrow is back on ice.
2:47 of 2nd period - Penalty to Viktor Kozlov is over, Viktor Kozlov is back on ice.
2:50 of 2nd period - Anze Kopitar is hit by Pierre-Marc Bouchard and loses puck.
3:16 of 2nd period - Snap shot by Brenden Morrow.
3:16 of 2nd period - Shot Misses the Net.
3:24 of 2nd period - Matt Carle is hit by Brenden Morrow and loses puck.
3:31 of 2nd period - Viktor Kozlov is hit by Pierre-Luc Létourneau and loses puck.
3:57 of 2nd period - Dennis Wideman is hit by Viktor Kozlov and loses puck.
4:04 of 2nd period - Ryan Callahan is hit by Pernell Karl Subban and loses puck.
4:19 of 2nd period - Anze Kopitar is hit by Jamie Lundmark and loses puck.
4:38 of 2nd period - Slapshot by Nicklas Lidstrom.
4:38 of 2nd period - Shot Blocked by Cory Sarich.
4:40 of 2nd period - Wrist shot by Pierre-Luc Létourneau.
4:40 of 2nd period - Stopped by Ondrej Pavelec with a rebound.
4:46 of 2nd period - Slapshot by Jamie Lundmark.
4:46 of 2nd period - Shot Misses the Net.
4:48 of 2nd period - Slapshot by Nicklas Lidstrom.
4:48 of 2nd period - Stopped by Ondrej Pavelec without a rebound.
4:49 of 2nd period - Mike Ribeiro wins face-off versus Matt Duchene in Kings zone.
5:20 of 2nd period - Snap shot by Mike York.
5:20 of 2nd period - Goal by Mike York - Kings : 3 - Canadiens : 1.
5:21 of 2nd period - Matt Duchene wins face-off versus Mike Ribeiro in neutral zone.
5:23 of 2nd period - Off-side.
5:24 of 2nd period - Mike Ribeiro wins face-off versus Mike Cammalleri in neutral zone.
6:21 of 2nd period - Rene Bourque is hit by Marek Svatos and loses puck.
7:25 of 2nd period - Snap shot by Jamie Lundmark.
7:25 of 2nd period - Stopped by Ondrej Pavelec with a rebound.
7:27 of 2nd period - Wrist shot by Ryan Callahan.
7:27 of 2nd period - Stopped by Ondrej Pavelec without a rebound.
7:28 of 2nd period - Viktor Kozlov wins face-off versus Mike Ribeiro in Kings zone.
7:43 of 2nd period - Matt Carle is hit by Jonas Hoglund and loses puck.
8:20 of 2nd period - Michel Ouellet is hit by Brent Burns and loses puck.
9:02 of 2nd period - Wrist shot by Marek Svatos.
9:02 of 2nd period - Deflect By Patrick Marleau.
9:02 of 2nd period - Shot Misses the Net.
9:02 of 2nd period - Puck is out of play.
9:03 of 2nd period - Anze Kopitar wins face-off versus Mike Ribeiro in Kings zone.
9:03 of 2nd period - Anze Kopitar is hit by Mike Ribeiro.
9:13 of 2nd period - Pernell Karl Subban is hit by Mike Ribeiro.
9:14 of 2nd period - Icing by Pernell Karl Subban.
9:15 of 2nd period - Anze Kopitar wins face-off versus Mike Ribeiro in Kings zone.
9:29 of 2nd period - Brenden Morrow is hit by Mike Ribeiro.
9:51 of 2nd period - Wrist shot by Brenden Morrow.
9:51 of 2nd period - Stopped by Miika Kiprusoff with a rebound.
10:15 of 2nd period - Matt Duchene is hit by Dennis Wideman and loses puck.
10:47 of 2nd period - Pierre-Luc Létourneau is hit by Brent Burns and loses puck.
11:02 of 2nd period - Slapshot by Viktor Kozlov.
11:02 of 2nd period - Shot Misses the Net.
11:04 of 2nd period - Snap shot by Jonas Hoglund.
11:04 of 2nd period - Stopped by Miika Kiprusoff with a rebound.
11:06 of 2nd period - Slapshot by Brent Burns.
11:06 of 2nd period - Deflect By Jamie Lundmark.
11:06 of 2nd period - Stopped by Miika Kiprusoff with a rebound.
11:08 of 2nd period - Snap shot by Viktor Kozlov.
11:08 of 2nd period - Stopped by Miika Kiprusoff without a rebound.
11:09 of 2nd period - Matt Duchene wins face-off versus Mike Ribeiro in Canadiens zone.
11:44 of 2nd period - Snap shot by Joe Pavelski.
11:44 of 2nd period - Shot Misses the Net.
11:46 of 2nd period - Wrist shot by Brenden Morrow.
11:46 of 2nd period - Goal by Brenden Morrow - Kings : 4 - Canadiens : 1.
11:46 of 2nd period - Jaroslav Halak enters game.
11:47 of 2nd period - Matt Duchene wins face-off versus Mike Ribeiro in neutral zone.
11:53 of 2nd period - Cory Sarich is hit by Nicklas Lidstrom and loses puck.
12:27 of 2nd period - Dennis Wideman is hit by Mike Cammalleri and loses puck.
12:40 of 2nd period - Wrist shot by Mike Cammalleri.
12:40 of 2nd period - Stopped by Jaroslav Halak with a rebound.
12:44 of 2nd period - Snap shot by Rene Bourque.
12:44 of 2nd period - Shot Misses the Net.
12:50 of 2nd period - Slapshot by Matt Duchene.
12:50 of 2nd period - Stopped by Jaroslav Halak without a rebound.
12:51 of 2nd period - Mike Ribeiro wins face-off versus Joe Pavelski in Canadiens zone.
12:51 of 2nd period - Mike Ribeiro is hit by Joe Pavelski.
12:57 of 2nd period - Snap shot by Brett Clark.
12:57 of 2nd period - Deflect By Anze Kopitar.
12:57 of 2nd period - Stopped by Ondrej Pavelec with a rebound.
12:59 of 2nd period - Snap shot by Patrick Marleau.
12:59 of 2nd period - Stopped by Ondrej Pavelec with a rebound.
13:01 of 2nd period - Slapshot by Marek Svatos.
13:01 of 2nd period - Stopped by Ondrej Pavelec with a rebound.
13:03 of 2nd period - Slapshot by Mike Ribeiro.
13:03 of 2nd period - Shot Misses the Net.
13:05 of 2nd period - Snap shot by Mike Ribeiro.
13:05 of 2nd period - Shot Misses the Net.
13:07 of 2nd period - Snap shot by Josh Gorges.
13:07 of 2nd period - Stopped by Ondrej Pavelec with a rebound.
13:17 of 2nd period - Josh Gorges is hit by Marc-Édouard Vlasic and loses puck.
13:46 of 2nd period - Backhand shot by Hnat Domenichelli.
13:46 of 2nd period - Stopped by Jaroslav Halak with a rebound.
13:48 of 2nd period - Snap shot by Hnat Domenichelli.
13:48 of 2nd period - Shot Misses the Net.
14:03 of 2nd period - Minor Penalty to Riley Cote for Roughing.
14:04 of 2nd period - Patrick Marleau wins face-off versus Anze Kopitar in Canadiens zone.
14:04 of 2nd period - Patrick Marleau is hit by Joe Pavelski.
15:18 of 2nd period - Icing by Matt Duchene.
15:19 of 2nd period - Ryan Callahan wins face-off versus Matt Duchene in Kings zone.
15:22 of 2nd period - Snap shot by Ryan Callahan.
15:22 of 2nd period - Stopped by Ondrej Pavelec with a rebound.
15:24 of 2nd period - Slapshot by Josh Gorges.
15:24 of 2nd period - Stopped by Ondrej Pavelec with a rebound.
15:26 of 2nd period - Slapshot by Josh Gorges.
15:26 of 2nd period - Shot Misses the Net.
16:03 of 2nd period - Penalty to Riley Cote is over, Riley Cote is back on ice.
17:01 of 2nd period - Wrist shot by Mike Ribeiro.
17:01 of 2nd period - Shot Misses the Net.
17:03 of 2nd period - Wrist shot by Marek Svatos.
17:03 of 2nd period - Deflect By Mike Ribeiro.
17:03 of 2nd period - Stopped by Ondrej Pavelec without a rebound.
17:04 of 2nd period - Mike Ribeiro wins face-off versus Matt Duchene in Kings zone.
18:05 of 2nd period - Snap shot by Rene Bourque.
18:05 of 2nd period - Stopped by Jaroslav Halak without a rebound.
18:06 of 2nd period - Matt Duchene wins face-off versus Jamie Lundmark in Canadiens zone.
18:31 of 2nd period - Slapshot by Patrick Marleau.
18:31 of 2nd period - Shot Hit the Post.
19:06 of 2nd period - Wrist shot by Matt Duchene.
19:06 of 2nd period - Shot Misses the Net.
19:22 of 2nd period - Snap shot by Matt Duchene.
19:22 of 2nd period - Shot Misses the Net.
19:32 of 2nd period - Snap shot by Rene Bourque.
19:32 of 2nd period - Stopped by Jaroslav Halak with a rebound.
19:34 of 2nd period - Slapshot by Marc-Édouard Vlasic.
19:34 of 2nd period - Stopped by Jaroslav Halak without a rebound.
19:35 of 2nd period - Mike Ribeiro wins face-off versus Anze Kopitar in Canadiens zone.
19:42 of 2nd period - Snap shot by Patrick Marleau.
19:42 of 2nd period - Stopped by Ondrej Pavelec with a rebound.
19:44 of 2nd period - Slapshot by Patrick Marleau.
19:44 of 2nd period - Stopped by Ondrej Pavelec without a rebound.
19:45 of 2nd period - Anze Kopitar wins face-off versus Mike Ribeiro in Kings zone.
Goals for this period are 1 for Kings vs 1 for Canadiens.
Shots for this period are 11 for Kings vs 14 for Canadiens.
3rd period
0:01 of 3rd period - Anze Kopitar wins face-off versus Mike Ribeiro in neutral zone.
0:03 of 3rd period - Off-side.
0:04 of 3rd period - Brenden Morrow wins face-off versus Patrick Marleau in neutral zone.
0:13 of 3rd period - Slapshot by Anze Kopitar.
0:13 of 3rd period - Stopped by Jaroslav Halak with a rebound.
0:34 of 3rd period - Snap shot by Saku Koivu.
0:34 of 3rd period - Shot Misses the Net.
0:36 of 3rd period - Snap shot by Mike York.
0:36 of 3rd period - Goal by Mike York - Kings : 4 - Canadiens : 2.
0:37 of 3rd period - Mike Ribeiro wins face-off versus Anze Kopitar in neutral zone.
0:40 of 3rd period - Joe Pavelski is hit by Josh Gorges and loses puck.
0:54 of 3rd period - Off-side.
0:55 of 3rd period - Rene Bourque wins face-off versus Saku Koivu in neutral zone.
1:22 of 3rd period - Cory Sarich is hit by Mike Ribeiro and loses puck.
1:47 of 3rd period - Wrist shot by Michel Ouellet.
1:47 of 3rd period - Stopped by Ondrej Pavelec without a rebound.
1:48 of 3rd period - Mike Ribeiro wins face-off versus Brenden Morrow in Kings zone.
1:55 of 3rd period - Slapshot by Marek Svatos.
1:55 of 3rd period - Stopped by Ondrej Pavelec without a rebound.
1:56 of 3rd period - Anze Kopitar wins face-off versus Mike Ribeiro in Kings zone.
2:18 of 3rd period - Icing by Anze Kopitar.
2:19 of 3rd period - Brenden Morrow wins face-off versus Saku Koivu in Kings zone.
3:10 of 3rd period - Wrist shot by Mikkel Boedker.
3:10 of 3rd period - Shot Misses the Net.
3:12 of 3rd period - Wrist shot by Viktor Kozlov.
3:12 of 3rd period - Shot Misses the Net.
3:14 of 3rd period - Slapshot by Mikkel Boedker.
3:14 of 3rd period - Stopped by Jaroslav Halak without a rebound.
3:15 of 3rd period - Mike Ribeiro wins face-off versus Matt Duchene in Canadiens zone.
3:17 of 3rd period - Minor Penalty to Mike Ribeiro for Holding.
3:18 of 3rd period - Patrick Marleau wins face-off versus Anze Kopitar in Canadiens zone.
3:26 of 3rd period - Snap shot by Anze Kopitar.
3:26 of 3rd period - Deflect By Patrick Marleau.
3:26 of 3rd period - Shot Misses the Net.
3:26 of 3rd period - Puck is out of play.
3:27 of 3rd period - Patrick Marleau wins face-off versus Anze Kopitar in Canadiens zone.
3:31 of 3rd period - Off-side.
3:32 of 3rd period - Anze Kopitar wins face-off versus Patrick Marleau in neutral zone.
3:35 of 3rd period - Slapshot by Brent Burns.
3:35 of 3rd period - Shot Blocked by Nicklas Lidstrom.
3:47 of 3rd period - Wrist shot by Joe Pavelski.
3:47 of 3rd period - Shot Misses the Net.
4:19 of 3rd period - Snap shot by Rene Bourque.
4:19 of 3rd period - Stopped by Jaroslav Halak without a rebound.
4:20 of 3rd period - Jamie Lundmark wins face-off versus Anze Kopitar in Canadiens zone.
5:17 of 3rd period - Penalty to Mike Ribeiro is over, Mike Ribeiro is back on ice.
5:50 of 3rd period - Pierre-Marc Bouchard is hit by Mikkel Boedker and loses puck.
6:08 of 3rd period - Marc-Édouard Vlasic is hit by Marek Svatos and loses puck.
6:19 of 3rd period - Ryan Callahan is hit by Mikkel Boedker and loses puck.
6:36 of 3rd period - Pernell Karl Subban is hit by Josh Gorges and loses puck.
7:11 of 3rd period - Cory Sarich is hit by Pierre-Luc Létourneau and loses puck.
7:53 of 3rd period - Snap shot by Hnat Domenichelli.
7:53 of 3rd period - Shot Misses the Net.
7:55 of 3rd period - Backhand shot by Marc-Édouard Vlasic.
7:55 of 3rd period - Shot Blocked by Dennis Wideman.
7:57 of 3rd period - Slapshot by Marc-Édouard Vlasic.
7:57 of 3rd period - Stopped by Jaroslav Halak without a rebound.
7:58 of 3rd period - Randy Robitaille wins face-off versus Saku Koivu in Canadiens zone.
7:59 of 3rd period - Slapshot by Marc-Édouard Vlasic.
7:59 of 3rd period - Stopped by Jaroslav Halak with a rebound.
8:10 of 3rd period - Minor Penalty to Randy Robitaille for Holding.
8:11 of 3rd period - Mike Cammalleri wins face-off versus Mike Ribeiro in Kings zone.
8:22 of 3rd period - Snap shot by Jonas Hoglund.
8:22 of 3rd period - Shot Misses the Net.
10:10 of 3rd period - Penalty to Randy Robitaille is over, Randy Robitaille is back on ice.
10:25 of 3rd period - Pierre-Marc Bouchard is hit by Hnat Domenichelli and loses puck.
10:47 of 3rd period - Wrist shot by Ryan Callahan.
10:47 of 3rd period - Stopped by Ondrej Pavelec with a rebound.
11:15 of 3rd period - Off-side.
11:16 of 3rd period - Saku Koivu wins face-off versus Matt Duchene in neutral zone.
11:29 of 3rd period - Snap shot by Mike Cammalleri.
11:29 of 3rd period - Stopped by Jaroslav Halak with a rebound.
11:31 of 3rd period - Slapshot by John Moore.
11:31 of 3rd period - Deflect By Matt Duchene.
11:31 of 3rd period - Stopped by Jaroslav Halak with a rebound.
11:41 of 3rd period - Saku Koivu is hit by Mikkel Boedker and loses puck.
12:35 of 3rd period - Snap shot by Randy Robitaille.
12:35 of 3rd period - Shot Misses the Net.
12:56 of 3rd period - Snap shot by Pierre-Marc Bouchard.
12:56 of 3rd period - Deflect By Michel Ouellet.
12:56 of 3rd period - Goal by Michel Ouellet - Kings : 4 - Canadiens : 3.
12:57 of 3rd period - Saku Koivu wins face-off versus Matt Duchene in neutral zone.
13:04 of 3rd period - Snap shot by Radim Vrbata.
13:04 of 3rd period - Shot Blocked by Brent Burns.
13:06 of 3rd period - Slapshot by Dennis Wideman.
13:06 of 3rd period - Shot Misses the Net.
13:08 of 3rd period - Slapshot by Radim Vrbata.
13:08 of 3rd period - Shot Blocked by Matt Duchene.
13:10 of 3rd period - Snap shot by Saku Koivu.
13:10 of 3rd period - Shot Blocked by John Moore.
13:12 of 3rd period - Snap shot by Mike York.
13:12 of 3rd period - Stopped by Ondrej Pavelec without a rebound.
13:13 of 3rd period - Anze Kopitar wins face-off versus Marek Svatos in Kings zone.
13:13 of 3rd period - Anze Kopitar is hit by Dennis Wideman.
13:23 of 3rd period - Snap shot by Joe Pavelski.
13:23 of 3rd period - Stopped by Jaroslav Halak with a rebound.
13:25 of 3rd period - Snap shot by Joe Pavelski.
13:25 of 3rd period - Stopped by Jaroslav Halak without a rebound.
13:26 of 3rd period - Mike Ribeiro wins face-off versus Matt Duchene in Canadiens zone.
13:51 of 3rd period - Nicklas Lidstrom is hit by Brent Burns and loses puck.
14:16 of 3rd period - Wrist shot by Viktor Kozlov.
14:16 of 3rd period - Stopped by Jaroslav Halak with a rebound.
14:19 of 3rd period - Icing by Pierre-Marc Bouchard.
14:20 of 3rd period - Matt Duchene wins face-off versus Pierre-Marc Bouchard in Canadiens zone.
14:27 of 3rd period - Riley Cote is hit by Matt Duchene and loses puck.
14:46 of 3rd period - Snap shot by Josh Gorges.
14:46 of 3rd period - Deflect By Marek Svatos.
14:46 of 3rd period - Stopped by Ondrej Pavelec without a rebound.
14:47 of 3rd period - Anze Kopitar wins face-off versus Mike Ribeiro in Kings zone.
15:28 of 3rd period - Minor Penalty to Mike Ribeiro for Holding Stick.
15:29 of 3rd period - Matt Duchene wins face-off versus Patrick Marleau in Canadiens zone.
15:55 of 3rd period - Marc-Édouard Vlasic is hit by Jamie Lundmark and loses puck.
17:28 of 3rd period - Penalty to Mike Ribeiro is over, Mike Ribeiro is back on ice.
17:41 of 3rd period - Brent Burns is hit by Pierre-Marc Bouchard and loses puck.
19:10 of 3rd period - Icing by Pierre-Marc Bouchard.
19:11 of 3rd period - Mike Ribeiro wins face-off versus Randy Robitaille in Canadiens zone.
19:11 of 3rd period - Mike Ribeiro is hit by Mikkel Boedker.
19:35 of 3rd period - Pierre-Marc Bouchard is hit by Brent Burns and loses puck.
19:51 of 3rd period - Canadiens, Jaroslav Halak is pulled from the net.
19:51 of 3rd period - Slapshot by Dennis Wideman.
19:51 of 3rd period - Stopped by Ondrej Pavelec with a rebound.
19:53 of 3rd period - Minor Penalty to Mikkel Boedker for Interference.
19:54 of 3rd period - Viktor Kozlov wins face-off versus Saku Koivu in Kings zone.
Goals for this period are 0 for Kings vs 2 for Canadiens.
Shots for this period are 10 for Kings vs 8 for Canadiens.
Output by the SimonT Hockey Simulator (STHS) for François Prévost -- Original Page W3C XHTML 1.0 Valid